cohdb
Replays
Latest Replays
All Replays
Popular Replays
Top Player Replays
Match Explorer
How It Works
Community
CoH3 Stats
Reddit
Sign in to upload your games and track your stats! →
Sign in with Steam
Match 45157703
Unlisted
Match 45157703
Overview
Messages
Build Orders
End
Royal Engineer Section
Construct Section Command Post
Infantry Section
Dingo Light Scout Car
Infantry Section
Construct Platoon Command Post
Selects Heavy Armor Battlegroup
Selects Rigorous Vehicle Training
Humber Armored Car
Grenade Package
Construct Field Infirmary
Infantry Section
Selects Light Vehicle Withdraw and Refit
Infantry Training
6-pounder Anti-tank Gun Team
Light Vehicle Withdraw and Refit
Construct Company Command Post
Selects Forward Repair Assembly
Selects UNKNOWN (2162094)
Churchill IV Heavy Tank
Foot Guards Section
Churchill IV Heavy Tank
Selects Radio Net
Selects Recon Artillery
Churchill IV Heavy Tank
Radio Net
desertBeliever
no talking no bibi
0
0
Comments
sign in to comment!
No comments posted yet!